 Dungeon Crawl Stone Soup version 0.23.0 (webtiles) character file.

Game seed: 14275442486928403189

67 Leero the Caller (level 4, -1/30 HPs)
             Began as a Mummy Summoner on Feb 16, 2019.
             Slain by Natasha (7 damage)
             ... on level 4 of the Dungeon.
             The game lasted 00:17:01 (1766 turns).

Leero the Caller (Mummy Summoner)                   Turns: 1766, Time: 00:17:01

Health: -1/30      AC:  3    Str: 11    XL:     4   Next: 0%
Magic:  0/9        EV: 12    Int: 15    God:
Gold:   127        SH:  0    Dex: 12    Spells: 4/10 levels left

rFire    x . .     SeeInvis .   m - +0 dagger (venom)
rCold    + . .     Gourm    .   (no shield)
rNeg     + + +     Faith    .   a - +0 robe
rPois    ∞         Spirit   .   (no helmet)
rElec    .         Reflect  .   f - +0 cloak (curse)
rCorr    .         Harm     .   (no gloves)
MR       +....                  (no boots)
Stlth    ++........             (no amulet)
HPRegen  0.10/turn              c - ring of protection from magic
MPRegen  0.11/turn              (no ring)

@: no status effects
A: no food or potions, fire vulnerability, cold resistance 1, negative energy
resistance 3, torment resistance, unbreathing
a: no special abilities


You were on level 4 of the Dungeon.
You were not hungry.

You visited 1 branch of the dungeon, and saw 4 of its levels.

You collected 127 gold pieces.

Inventory:

Hand Weapons
 e - a +0 whip of pain
 m - a +0 dagger of venom (weapon)
 q - a +0 vampiric dagger
Missiles
 k - 2 throwing nets (quivered)
 l - 28 bolts
 o - 4 tomahawks
Armour
 a - a +0 robe (worn)
 b - a +0 shield
 d - a +0 leather armour
 f - a cursed +0 cloak (worn)
 p - a +0 ring mail
Jewellery
 c - a ring of protection from magic (left hand)
Wands
 n - a wand of flame (21)
Scrolls
 g - 2 scrolls of remove curse {unknown}
 h - 4 scrolls of identify {unknown}
 i - 2 scrolls of enchant weapon {unknown}
 j - 5 scrolls of teleportation {unknown}


   Skills:
 - Level 1.5 Dodging
 - Level 1.5 Stealth
 + Level 3.7 Spellcasting
 * Level 4.2 Summonings


You had 4 spell levels left.
You knew the following spells:

 Your Spells              Type           Power        Failure   Level  Hunger
a - Summon Small Mammal   Summ           ###.         3%          1    N/A
b - Call Imp              Summ           ###.....     4%          2    N/A
c - Call Canine Familiar  Summ           ###.....     10%         3    N/A

Your spell library contained the following spells:

 Spells                   Type           Power        Failure   Level  Hunger
 Summon Guardian Golem    Hex/Summ       #.......     24%         3    N/A
 Summon Ice Beast         Ice/Summ       #.......     61%         4    N/A
 Summon Lightning Spire   Summ/Air       #.......     61%         4    N/A

Dungeon Overview and Level Annotations

Branches:
Dungeon (4/15)
 Temple: D:4-7

Altars:
Okawaru
Trog

Annotations:
D:2 Terence
D:3 Robin
D:4 Natasha


Innate Abilities, Weirdness & Mutations

You do not eat or drink.
Your flesh is vulnerable to fire.
You are immune to poison.
Your flesh is cold resistant. (rC+)
You are immune to negative energy. (rN+++)
You are immune to unholy pain and torment.
You can survive without breathing.


Message History

Confirm with . or Enter, or press ? or * to list all spells.
Your hound disappears in a puff of smoke!
Natasha casts a spell.
Casting: Call Canine Familiar (safe; 10% risk of failure)
Confirm with . or Enter, or press ? or * to list all spells.
Your hound disappears in a puff of smoke!
You hit Natasha but do no damage.
Natasha is poisoned.
Natasha closely misses you.
Your hound bites the white imp.
You barely miss Natasha.
Your hound bites the white imp.
Natasha claws you.
* * * LOW HITPOINT WARNING * * *
Your hound bites the white imp.
Unknown command.
You closely miss Natasha.
Natasha is lightly wounded.
Your hound barely misses the white imp.
Natasha closely misses you.
Unknown command.
You closely miss Natasha.
Natasha is lightly wounded.
Your hound barely misses the white imp.
Natasha claws you!
You die... #### ...##### #####....... #@..'..# #h###!## h5+

#.# .$.# #.# +..)+ #.#
# #+#+# #.# #. #.# ##
##?##########.####....
...................#


You could see Natasha, a white imp and a friendly hound.

Vanquished Creatures
  2 leopard geckos
  A ball python (D:1)
  2 bats (D:2)
  A giant cockroach (D:1)
  5 goblins
  3 hobgoblins
  2 frilled lizards
  2 kobolds
  4 rats
22 creatures vanquished.

Vanquished Creatures (collateral kills)
  A human zombie (D:4)
  2 adders
  A dart slug (D:1)
  An orc (D:4)
  2 hobgoblins
  A ball python (D:2)
  6 bats
  5 goblins (D:3)
  A jackal skeleton (D:4)
  A kobold (D:2)
  4 rats
25 creatures vanquished.

Grand Total: 47 creatures vanquished

Notes
Turn   | Place    | Note
-------+----------+-------------------------------------------
     0 | D:1      | Leero the Mummy Summoner began the quest for the Orb.
     0 | D:1      | Reached XP level 1. HP: 13/13 MP: 4/4
   366 | D:1      | Reached XP level 2. HP: 19/19 MP: 3/6
   439 | D:1      | Learned a level 2 spell: Call Imp
  1084 | D:2      | Reached XP level 3. HP: 24/24 MP: 1/7
  1195 | D:2      | Found an iron altar of Okawaru.
  1235 | D:2      | Noticed Terence
  1289 | D:3      | Learned a level 3 spell: Call Canine Familiar
  1377 | D:3      | Noticed Robin
  1393 | D:3      | Reached skill level 4 in Summonings
  1622 | D:4      | Found a bloodstained altar of Trog.
  1633 | D:4      | Noticed a centaur
  1678 | D:4      | HP: 1/24 [human zombie (5)]
  1691 | D:4      | Reached XP level 4. HP: 2/30 MP: 1/9
  1759 | D:4      | Noticed Natasha
  1766 | D:4      | Slain by Natasha

Skill      XL: |  1  2  3 |
---------------+----------+-----
Spellcasting   | 3 |  3.7
Summonings     | 4 |  4.2
Dodging        | |  1.5
Stealth        | |  1.5

Action                   |  1- 3 |  4- 6 || total
-------------------------+-------+-------++-------
Melee: Unarmed           |     9 |       ||     9
       Whip              |    59 |       ||    59
       Dagger            |    10 |     4 ||    14
 Cast: Summon Small Mamm |    56 |       ||    56
       Call Imp          |    14 |       ||    14
       Call Canine Famil |     3 |     3 ||     6
Evoke: Wand              |     3 |       ||     3
Armor: Robe              |    32 |       ||    32
Dodge: Dodged            |    58 |     2 ||    60
